 Dungeon Crawl Stone Soup version 0.28.0-53-g5a82cb258f (webtiles) character file.

Game seed: 10880718911254397928

48 DildoBatman the Conjurer (level 4, -1/31 HPs)
             Began as a Formicid Conjurer on July 5, 2022.
             Slain by a jackal (2 damage)
             ... on level 2 of the Dungeon.
             The game lasted 00:04:04 (1593 turns).

DildoBatman the Conjurer (Formicid Conjurer)        Turns: 1593, Time: 00:04:04

Health: -1/31      AC:  2    Str: 12    XL:     4   Next: 0%
Magic:  13/16      EV: 12    Int: 17    God:
Gold:   47         SH:  0    Dex: 11    Spells: 1/7 levels left

rFire   . . .      SeeInvis +   c - +0 club
rCold   . . .      Faith    .   (no shield)
rNeg    . . .      Spirit   .   a - +0 robe
rPois   .          Reflect  .   (helmet unavailable)
rElec   .          Harm     .   (no cloak)
rCorr   .          Rampage  .   (no gloves)
Will    .....                   (no boots)
Stlth   ++........              (no amulet)
HPRegen 0.10/turn               e - ring of magical power
MPRegen 0.15/turn               (no ring)

@: no status effects
A: permanent stasis, dig shafts and tunnels, antennae 3, four strong arms
a: Dig, Shaft Self


You were on level 2 of the Dungeon.
You visited 1 branch of the dungeon, and saw 2 of its levels.

You collected 47 gold pieces.

Inventory:

Hand Weapons
 c - a +0 club (weapon)
Missiles
 b - 9 sling bullets
 j - 2 poisoned darts
 k - 33 arrows
 l - 86 stones
Armour
 a - a +0 robe (worn)
Jewellery
 e - a ring of magical power (left hand)
Scrolls
 g - a scroll of torment {unknown}
 h - a scroll of amnesia {unknown}
 m - a scroll of fear {unknown}
 n - a scroll of enchant weapon {unknown}
 p - a scroll of vulnerability {unknown}
 r - a scroll of identify {unknown}
Potions
 d - a potion of might {unknown}
 f - a potion of haste {unknown}
 i - a potion of brilliance {unknown}
 o - a potion of mutation {unknown}
 q - a potion of flight {unknown}


   Skills:
 * Level 0.4 Fighting
 * Level 0.2 Armour
 - Level 1.7 Dodging
 - Level 2.4 Stealth
 * Level 2.3 Spellcasting
 * Level 4.6 Conjurations
 * Level 0.4 Earth Magic


You had one spell level left.
You knew the following spells:

 Your Spells              Type           Power      Damage    Failure   Level
a - Searing Ray           Conj           34%        2d5       4%          2
b - Stone Arrow           Conj/Erth      20%        3d8       21%         3
c - Magic Dart            Conj           68%        1d6       2%          1

Your spell library contained the following spells:

 Spells                   Type           Power      Damage    Failure   Level
 Freeze                   Ice            4%         1d3       19%         1
 Dazzling Flash           Conj/Hex       18%        N/A       22%         3
 Frozen Ramparts          Ice            2%         1d2       50%         3
 Gell's Gravitas          Tloc           1%         N/A       50%         3
 Teleport Other           Tloc           1%         N/A       50%         3
 Fulminant Prism          Conj/Hex       4%         3d6       58%         4
 Hailstorm                Conj/Ice       9%         3d4       58%         4
 Iskenderun's Mystic Bla  Conj/Tloc      9%         2d4       58%         4
 Animate Armour           Summ/Erth      4%         N/A       86%         4
 Dispersal                Tloc           0%         N/A       100%        6
 Starburst                Conj/Fire      4%         6d4       100%        6
 Lehudib's Crystal Spear  Conj/Erth      5%         10d3      100%        8


Dungeon Overview and Level Annotations

Branches:
Dungeon (2/15)

Altars:

Shops:
D:2 *


Innate Abilities, Weirdness & Mutations

You cannot be hasted, slowed, berserked, paralysed or teleported.
You can dig through walls and to a lower floor.
You have a pair of large antennae on your head. (SInv)
Your four strong arms can wield two-handed weapons with a shield.


Message History

t - Shout!
Orders for allies: a - Attack new target. p - Attack previous target. r - Retreat! s - Stop attacking. g - Guard the area. f - Follow me.
Anything else - Cancel.
You shout for attention!
The jackal bites you. x2
The jackal misses you. x2
What are your orders? t - Shout!
Orders for allies: a - Attack new target. p - Attack previous target. r - Retreat! s - Stop attacking. g - Guard the area. f - Follow me.
Anything else - Cancel.
You shout for attention!
The jackal misses you. The jackal barely misses you.
The jackal closely misses you. The jackal misses you.
What are your orders? t - Shout!
Orders for allies: a - Attack new target. p - Attack previous target. r - Retreat! s - Stop attacking. g - Guard the area. f - Follow me.
Anything else - Cancel.
You shout for attention!
The jackal closely misses you. The jackal barely misses you. x2
The jackal bites you. What are your orders? t - Shout!
Orders for allies: a - Attack new target. p - Attack previous target. r - Retreat! s - Stop attacking. g - Guard the area. f - Follow me.
Anything else - Cancel.
You shout for attention!
The jackal bites you. The jackal barely misses you. The jackal bites you.
You die...

##############
#............####
#...............#
......#......# #
#.#...#......#.# #
#.#...#......#.#### #
#............_.....
######..............##
....##.....#..#h@.#.#
###........#..#.hh# #
......)###.#..#..†#
###.................
#..#...#.#.#.##..#
#..#####...#.# ..#
###..# ### #. ..#
..#..# .. ...{{ ######
#######


You could see 3 jackals.

Vanquished Creatures
  6 endoplasms
  2 giant cockroaches (D:1)
  4 goblins
  4 hobgoblins
  3 jackals
  3 quokkas
  3 ball pythons
  4 bats
  2 frilled lizards (D:1)
  7 kobolds
  3 rats (D:1)
41 creatures vanquished.

Notes
Turn   | Place    | Note
-------+----------+-------------------------------------------
     0 | D:1      | DildoBatman the Formicid Conjurer began the quest for the
                  | Orb.
     0 | D:1      | Reached XP level 1. HP: 13/13 MP: 3/3
   127 | D:1      | Reached skill level 4 in Conjurations
   127 | D:1      | Reached XP level 2. HP: 9/19 MP: 0/5
   130 | D:1      | Learned a level 2 spell: Searing Ray
   497 | D:1      | Reached XP level 3. HP: 24/24 MP: 6/6
   917 | D:1      | Learned a level 3 spell: Stone Arrow
  1461 | D:2      | Found Intewu's Assorted Antiques.
  1562 | D:2      | Found a faded altar of an unknown god.
  1571 | D:2      | Reached XP level 4. HP: 31/31 MP: 7/7
  1593 | D:2      | HP: 1/31 [jackal (2)]
  1593 | D:2      | Slain by a jackal

Illustrated notes

Levels and vault maps discovered:
D:1:      dpeg_arrival_signposts, layout_basic, minmay_tromino_i4
D:2:      wad_lake_hut, layout_loops_ring, serial_shops, nicolae_diamond_shop,
          hellmonk_ecumenical_altar_lost_god

Skill      XL: |  1 |
---------------+----+-----
Conjurations   | 4 |  4.6
Fighting       | |  0.4
Armour         | |  0.2
Dodging        | |  1.7
Stealth        | |  2.4
Spellcasting   | |  2.3
Earth Magic    | |  0.4

Action                   |  1- 3 |  4- 6 || total
-------------------------+-------+-------++-------
Melee: Club              |    14 |       ||    14
 Cast: Magic Dart        |    62 |     2 ||    64
       Searing Ray       |     4 |       ||     4
Armor: Robe              |     7 |     9 ||    16
Dodge: Dodged            |    23 |    43 ||    66
